 Dungeon Crawl Stone Soup version 0.29.1 (webtiles) character file.

Game seed: 15885500684808882003

427 qw the Chopper (level 6, -4/38 HPs)
             Began as a Gargoyle Fighter on Sept 13, 2022.
             Slain by Duvessa
             ... wielding a +0 short sword
              (6 damage)
             ... on level 4 of the Dungeon.
             The game lasted 00:00:54 (2625 turns).

qw the Chopper (Gargoyle Fighter)                   Turns: 2625, Time: 00:00:55

Health: -4/38      AC: 12    Str: 21    XL:     6   Next: 97%
Magic:  6/6        EV:  9    Int:  9    God:
Gold:   157        SH:  4    Dex:  9    Spells: 5/5 levels left

rFire   . . .      SeeInvis +   Y - +2 war axe
rCold   . . .      Faith    .   c - +0 buckler
rNeg    + . .      Spirit   .   b - +0 scale mail
rPois   inf        Reflect  .   (no helmet)
rElec   +          Harm     .   (no cloak)
rCorr   .          Rampage  .   (no gloves)
Will    .....                   g - +0 pair of boots
Stlth   ..........              (no amulet)
HPRegen 0.12/turn               h - ring of see invisible
MPRegen 0.10/turn               (no ring)

@: no status effects
A: sickness immunity, AC +4, negative energy resistance 1, electricity
resistance, torment resistance 1, petrification resistance
a: no special abilities


You were on level 4 of the Dungeon.
You visited 1 branch of the dungeon, and saw 4 of its levels.

You collected 157 gold pieces.


Innate Abilities, Weirdness & Mutations

You are immune to sickness and miasma.
Your stone body is resilient. (AC +4)
You are immune to poison.
You resist negative energy. (rN+)
You are resistant to electric shocks. (rElec)
You are resistant to unholy torment.
You are immune to petrification.


   Skills:
 - Level 4.0 Fighting
 + Level 6.1 Axes
 - Level 3.2 Armour
 - Level 1.0 Dodging
 - Level 3.2 Shields


You had 5 spell levels left.
You didn't know any spells.
Your spell library was empty.

Inventory:

Hand Weapons
 l - a +0 flail
 Y - a +2 war axe (weapon)
Missiles
 f - 8 boomerangs (quivered)
Armour
 b - a +0 scale mail (worn)
 c - a +0 buckler (worn)
 g - a +0 pair of boots (worn)
 o - +0 gold dragon scales
Jewellery
 h - a ring of see invisible (left hand)
Scrolls
 a - 4 scrolls of identify
Potions
 d - 2 potions of might
 i - a potion of mutation
 j - a potion of attraction {unknown}
 k - a potion of invisibility {unknown}
 m - 3 potions of lignification {unknown}

Dungeon Overview and Level Annotations

Branches:
Dungeon (4/15)
 Temple: D:4-7

Altars:

Annotations:
D:4 Duvessa


Message History

Found an escape hatch in the ceiling.
You start resting.
You hear a shout! x45
Duvessa is nearby!
2609 ||| FLEEEEING.
2610 ||| FLEEEEING.
2611 ||| FLEEEEING.
There is an open door here.
2612 ||| FLEEEEING.
You hear a shout!
There is a stone staircase leading down here.
2615 ||| FLEEEEING.
Duvessa rages.
2616 ||| FLEEEEING.
Duvessa rages.
2617 ||| FLEEEEING.
Duvessa rages.
2618 ||| FLEEEEING.
You hit Duvessa.
Duvessa is severely wounded.
Duvessa hits you with a +0 short sword. Duvessa hits you with a +0 short sword!
You hit Duvessa.
Duvessa is severely wounded.
Duvessa barely misses you.
You slash Duvessa!
Duvessa is almost dead.
Duvessa hits you with a +0 short sword. x2
You hit Duvessa.
Duvessa is almost dead.
Duvessa hits you but does no damage. You block Duvessa's attack.
You closely miss Duvessa.
Duvessa is almost dead.
Duvessa barely misses you. Duvessa hits you with a +0 short sword.
You barely miss Duvessa.
Duvessa is almost dead.
Duvessa hits you with a +0 short sword. Duvessa hits you but does no damage.
You hit Duvessa but do no damage.
Duvessa is almost dead.
Duvessa hits you with a +0 short sword.
You die...

#.........#.....#...
#.........#.....#...
#.........#.....##..
#.........#.....##..
#.........#.....##..
#.......>.'...).#...
#.........#.....#...
#.........#.....#
#..@e.....#.....#
#.<.......#.....####
#.........#e....#...
#.........#.....#...
#.........#.....#...
#>........#..<..#...
#......>?.#.....#...
#.........#.....#...
#......... '...


You could see Duvessa (berserk).

Vanquished Creatures
  Grinder (D:3)
  A scorpion (D:4)
  Dowan (D:4)
  An orc priest (D:4)
  4 adders
  A worm (D:2)
  3 orcs (D:4)
  5 ball pythons
  5 endoplasms
  3 giant cockroaches
  6 goblins
  7 hobgoblins
  3 quokkas
  3 frilled lizards
  3 kobolds
  5 rats
52 creatures vanquished.

Notes
Turn   | Place    | Note
-------+----------+-------------------------------------------
     0 | D:1      | qw the Gargoyle Fighter began the quest for the Orb.
     0 | D:1      | Reached XP level 1. HP: 14/14 MP: 1/1
     0 | D:1      | 0 ||| qw: Version: 0.1-a-119-g272c26d
     0 | D:1      | 0 ||| qw: Game counter: 11160
     0 | D:1      | 0 ||| qw: Always use a shield: true
     0 | D:1      | 0 ||| qw: God list: Okawaru
     0 | D:1      | 0 ||| qw: Allow faded altars: false
     0 | D:1      | 0 ||| qw: Do Orc after D:15 true
     0 | D:1      | 0 ||| qw: Do second Lair branch before Depths: true
     0 | D:1      | 0 ||| qw: Lair rune preference: random
     0 | D:1      | 0 ||| qw: Plans: Normal, Zot, God:TSO, Crypt, Tomb, Pan,
                  | Slime, Hells, Zig, Abyss, Orb
     0 | D:1      | 0 ||| PLANNING D:1-11
    82 | D:1      | Reached skill level 2 in Axes
   182 | D:1      | Reached XP level 2. HP: 19/19 MP: 2/2
   446 | D:1      | 446 ||| READING scroll labelled ARHO FIEVEPE.
   447 | D:1      | 447 ||| READING scroll labelled AGISTR OVIAZ.
   450 | D:1      | 450 ||| READING scroll labelled HEISEIN QAOM.
   507 | D:2      | 507 ||| DROPPING +0 club.
   526 | D:2      | Reached skill level 3 in Axes
   526 | D:2      | Reached XP level 3. HP: 23/23 MP: 3/3
   551 | D:2      | 551 ||| DROPPING +2 hand axe of electrocution.
  1099 | D:2      | Found a faded altar of an unknown god.
  1183 | D:2      | 1183 ||| DROPPING +3 mace.
  1184 | D:2      | 1184 ||| UPGRADING to +0 pair of boots.
  1189 | D:2      | 1189 ||| READING 3 scrolls labelled XERHONTO RIURYU.
  1190 | D:2      | 1190 ||| READING scroll labelled ELITOLI BONACK.
  1191 | D:2      | 1191 ||| READING scroll labelled NUXAXUB DUHUMM.
  1192 | D:2      | 1192 ||| DRINKING 2 metallic brown potions.
  1193 | D:2      | 1193 ||| DROPPING 2 scrolls of poison.
  1223 | D:3      | Reached XP level 4. HP: 28/28 MP: 4/4
  1445 | D:3      | Reached skill level 4 in Axes
  1748 | D:3      | Noticed Grinder
  1766 | D:3      | Paralysed by Grinder for 5 turns
  1780 | D:3      | Paralysed by Grinder for 5 turns
  1781 | D:3      | HP: 5/28 [Grinder (7)]
  1785 | D:3      | 1785 ||| DRINKING 3 potions of heal wounds.
  1787 | D:3      | 1787 ||| Stepping ~*~*~tactically~*~*~ (hiding).
  1791 | D:3      | Killed Grinder
  1792 | D:3      | Reached skill level 5 in Axes
  1792 | D:3      | Reached XP level 5. HP: 32/32 MP: 5/5
  1792 | D:3      | Reached XP level 6. HP: 37/37 MP: 6/6
  1942 | D:3      | 1942 ||| UPGRADING to ring of see invisible.
  1943 | D:3      | 1943 ||| READING 2 scrolls of identify.
  1943 | D:3      | 1943 ||| IDENTIFYING metallic orange potion
  2135 | D:4      | 2135 ||| READING scroll of enchant weapon.
  2135 | D:4      | 2135 ||| ENCHANTING +1 war axe.
  2142 | D:4      | 2142 ||| Stepping ~*~*~tactically~*~*~ (stealth).
  2150 | D:4      | 2150 ||| Stepping ~*~*~tactically~*~*~ (stealth).
  2152 | D:4      | 2152 ||| Stepping ~*~*~tactically~*~*~ (hiding).
  2161 | D:4      | Reached skill level 1 in Dodging
  2372 | D:4      | Noticed Dowan
  2372 | D:4      | Noticed Duvessa
  2373 | D:4      | 2373 ||| FLEEEEING.
  2374 | D:4      | 2374 ||| FLEEEEING.
  2375 | D:4      | 2375 ||| FLEEEEING.
  2376 | D:4      | 2376 ||| FLEEEEING.
  2382 | D:4      | 2382 ||| FLEEEEING.
  2384 | D:4      | 2384 ||| FLEEEEING.
  2386 | D:4      | 2386 ||| FLEEEEING.
  2387 | D:4      | 2387 ||| FLEEEEING.
  2388 | D:4      | 2388 ||| FLEEEEING.
  2389 | D:4      | 2389 ||| FLEEEEING.
  2390 | D:4      | 2390 ||| FLEEEEING.
  2401 | D:4      | Killed Dowan
  2402 | D:4      | Reached skill level 6 in Axes
  2442 | D:4      | 2442 ||| Stepping ~*~*~tactically~*~*~ (stealth).
  2450 | D:4      | HP: 9/38 [Duvessa/+0 short sword (12)]
  2451 | D:4      | 2451 ||| READING scroll of teleportation.
  2451 | D:4      | HP: 4/38 [Duvessa/+0 short sword (5)]
  2452 | D:4      | 2452 ||| DRINKING 2 potions of heal wounds.
  2454 | D:4      | 2454 ||| DRINKING potion of heal wounds.
  2609 | D:4      | 2609 ||| FLEEEEING.
  2610 | D:4      | 2610 ||| FLEEEEING.
  2611 | D:4      | 2611 ||| FLEEEEING.
  2612 | D:4      | 2612 ||| FLEEEEING.
  2615 | D:4      | 2615 ||| FLEEEEING.
  2616 | D:4      | 2616 ||| FLEEEEING.
  2617 | D:4      | 2617 ||| FLEEEEING.
  2618 | D:4      | 2618 ||| FLEEEEING.
  2621 | D:4      | HP: 8/38 [Duvessa/+0 short sword (4)]
  2624 | D:4      | HP: 1/38 [Duvessa/+0 short sword (4)]
  2625 | D:4      | Slain by Duvessa

Levels and vault maps discovered:
D:1:      nzn_arrival_water_spiral, layout_rooms, serial_park_tiny_2
D:2:      layout_loops_cross, shapermc_ecumenical_altar_hornbeckon
D:3:      layout_loops_ring, uniq_grinder
D:4:      layout_gridville, uniq_duvessa

Skill      XL: |  1  2  3  4  5  6 |
---------------+-------------------+-----
Axes           | 2 3 5 6 |  6.1
Fighting       | 4 |  4.0
Dodging        | 1 |  1.0
Armour         | |  3.2
Shields        | |  3.2

Action                   |  1- 3 |  4- 6 || total
-------------------------+-------+-------++-------
Melee: War axe           |    59 |    94 ||   153
Throw: Boomerang         |    33 |    25 ||    58
  Use: Scroll            |     6 |     3 ||     9
       Potion            |     1 |     3 ||     4
Armor: Scale mail        |    28 |    38 ||    66
Dodge: Dodged            |    23 |    33 ||    56
Block: Buckler           |     6 |    14 ||    20

Table legend:
 A = Non-vault XP
 B = Vault XP
 C = Vault XP percentage of total XP
 D = Non-vault monster count
 E = Vault monster count
 F = Vault count percentage of total count
                 A         B        C        D         E       F
            +---------+---------+-------+---------+---------+-------
      Total |     256 |     355 |  58.1 |      50 |       2 |   3.8
            +---------+---------+-------+---------+---------+-------
        D:1 |      17 |       0 |   0.0 |      10 |       0 |   0.0
        D:2 |      52 |       0 |   0.0 |      15 |       0 |   0.0
        D:3 |      38 |     286 |  88.3 |      10 |       1 |   9.1
        D:4 |     149 |      69 |  31.7 |      15 |       1 |   6.2
            +---------+---------+-------+---------+---------+-------
